 Dungeon Crawl Stone Soup version 0.32-a0-699-g1ee5eff69a (webtiles) character file.

Game seed: 2694180951613838098

1288 BeKind the Chiller (level 8, -4/45 HPs)
             Began as an Octopode Ice Elementalist on Mar 13, 2024.
             Was an Initiate of Gozag.
             Incinerated by a bombardier beetle (6 damage)
             ... with a burning spray
             ... on level 6 of the Dungeon.
             The game lasted 00:08:21 (4940 turns).

BeKind the Chiller (Octopode Ice Elementalist)      Turns: 4940, Time: 00:08:22

Health: -4/45      AC:  3    Str:  6    XL:     8   Next: 55%
Magic:  10/15      EV: 13    Int: 19    God:    Gozag
Gold:   333        SH:  0    Dex: 12    Spells: 10/17 levels left

rFire   . . .        b - +0 short sword
rCold   + . .        (no shield)
rNeg    . . .        (helmet restricted)
rPois   +            (no amulet)
rElec   .            n - ring of protection from cold
rCorr   .            (no ring)
SInv    .            (no ring)
Will    .....        (no ring)
Stlth   +            (no ring)
HPRegen 0.27/turn    (no ring)
MPRegen 0.14/turn    (no ring)
                     (no ring)

%: no passive effects
@: on fire, gold aura, glowing
A: almost no armour, amphibious, 8 rings, camouflage 1, gelatinous body 1,
(nimble swimmer 1), tentacles, iridescent scales 1, frail 1, poison resistance,
weak 1
a: Renounce Religion, Potion Petition, Call Merchant, Bribe Branch


You were on level 6 of the Dungeon.
You worshipped Gozag.
Gozag was aware of your devotion.
You visited 2 branches of the dungeon, and saw 7 of its levels.
You also visited: Sewer.

You collected 407 gold pieces.
You paid 74 gold pieces to Gozag.

Inventory:

Hand Weapons
 b - a +0 short sword (weapon)
Armour
 h - a +0 troll leather armour {Pargi}
Jewellery
 n - a ring of protection from cold (left tentacle)
Wands
 o - a wand of mindburst (18)
Scrolls
 c - a scroll of vulnerability
 d - a scroll of blinking
 e - a scroll of acquirement {unknown}
 f - a scroll of silence
 g - a scroll of immolation {unknown}
 i - 4 scrolls of teleportation
 j - 2 scrolls of brand weapon
 l - 2 scrolls of fear {unknown}
 m - a scroll of fog {unknown}
 p - a scroll of poison {unknown}
 q - a scroll of enchant weapon {unknown}
 r - a scroll of enchant armour {unknown}
Potions
 a - a potion of magic
 k - a potion of cancellation
 s - a potion of degeneration {unknown}
 t - 2 potions of berserk rage {unknown}
 u - a potion of attraction {unknown}
 v - a potion of heal wounds {unknown}


   Skills:
 + Level 2.3 Fighting
 + Level 5.4 Dodging
 - Level 2.7 Stealth
 + Level 5.0 Spellcasting
 + Level 4.5 Summonings
 - Level 6.0 Ice Magic


You had 10 spell levels left.
You knew the following spells:

 Your Spells              Type           Power      Damage    Failure   Level
a - Freeze                Ice            100%       1d10      1%          1
b - Summon Ice Beast      Ice/Summ       24%        N/A       4%          3
c - Frozen Ramparts       Ice            54%        1d9       3%          3

Your spell library contained the following spells:

 Spells                   Type           Power      Damage    Failure   Level
 Ozocubu's Armour         Ice            27%        N/A       3%          3
 Passwall                 Erth           4%         N/A       36%         3
 Volatile Blastmotes      Fire/Tloc      8%         2d10      36%         3
 Bombard                  Conj/Erth      2%         9d1       100%        6


Dungeon Overview and Level Annotations

Branches:
Dungeon (6/15)             Temple (1/1) D:5           Sewer (visited)

Altars:
Cheibriados
Dithmenos
Elyvilon
Fedhas
Gozag
Hepliaklqana
Kikubaaqudgha
Makhleb
Sif Muna
Trog
Uskayaw
Vehumet
Xom
Yredelemnul
The Shining One

Shops:
D:5 **


Innate Abilities, Weirdness & Mutations

You cannot wear most types of armour.
You are amphibious.
You can wear up to eight rings at the same time.
Your skin changes colour to match your surroundings (Stealth+).
Your rubbery body absorbs attacks. (AC +1, EV +1)
((You are camouflaged when in or above water. (Stealth+)))
You have tentacles for arms and can constrict up to eight enemies at once.
You are partially covered in iridescent scales. (AC +2)
You are frail. (-10% HP)
Your system is resistant to poisons. (rPois)
You are weak. (Str -2)


Message History

Your ice beast freezes the bombardier beetle.
Casting: Summon Ice Beast (dangerous; 4% risk of failure)
Confirm with . or Enter, or press ? or * to list all spells.
Casting: Frozen Ramparts (dangerous; 3% risk of failure)
Press: ? - help, Dir - look around, f - activate The walls around you are covered in ice.
The liquid fire burns you!
The bombardier beetle sprays incendiary fluid at you.
The burning spray hits you.
You are even more covered in liquid fire!
The wall freezes the bombardier beetle.
The wall freezes the jelly.
You freeze the bombardier beetle.
You kill the bombardier beetle!
The liquid fire burns you!
The wall freezes the jelly. x2; The jelly hits you.
You are splashed with acid.
You are too injured to fight recklessly!
You hit the jelly.
Your tentacles burn!
* * * LOW HITPOINT WARNING * * *
The jelly is heavily wounded.
The liquid fire burns you!
* * * LOW HITPOINT WARNING * * *
The wall freezes the jelly! x2
You kill the jelly!
The frozen ramparts melt away as you move.
You shake off some of the fire as you move.
The liquid fire burns you!
* * * LOW HITPOINT WARNING * * *
The jelly hits your ice beast but does no damage.
Your ice beast hits the jelly.
Your ice beast freezes the jelly!
The jelly dies!
Your Spellcasting skill increases to level 5!
You see here 5 gold pieces.
You shake off some of the fire as you move.
The liquid fire burns you!
* * * LOW HITPOINT WARNING * * *
You swap places.
You shake off some of the fire as you move.
The liquid fire burns you!
You die...
Your body crumbles into a pile of gold.

######### ........#
#.# ........# #..
........# #.# #
........# ####...#
........###...#.#.
........#...#.#$.
..........###.#$###
###...........#.@.#
###)..........#.#Y#
#).)###.......#.B.#
.)### ##......'.#$#
)## #.#....#...# ##
#.#....#.#.# #
#.#.#.##[..# #
....#..#.### #
..######..


You could see a friendly ice beast (summoned).

Vanquished Creatures
  2 water moccasins
  A scorpion (D:5)
  A howler monkey (D:4)
  A bombardier beetle (D:6)
  A jelly (D:6)
  4 hounds
  3 iguanas
  Ijyb (D:3)
  A sleepcap (D:4)
  4 orc wizards
  Natasha (D:3)
  3 gnolls (D:5)
  6 adders
  2 dart slugs
  10 orcs
  10 ball pythons
  5 endoplasms
  6 goblins
  12 hobgoblins
  7 jackals
  6 kobolds
  4 quokkas
  5 bats
  7 frilled lizards
  7 rats
110 creatures vanquished.

Vanquished Creatures (collateral kills)
  Pargi (Sewer)
  A brain worm (Sewer)
  A jelly (D:6)
  2 orc priests
  A sleepcap (D:6)
  An iguana (D:5)
  An orc wizard (D:6)
  A gnoll (D:5)
  An ufetubus (D:6)
  5 orcs
  2 jackals (D:3)
  2 bats (D:3)
19 creatures vanquished.

Grand Total: 129 creatures vanquished

Notes
Turn   | Place    | Note
-------+----------+-------------------------------------------
     0 | D:1      | BeKind the Octopode Ice Elementalist began the quest for
                  | the Orb.
     0 | D:1      | Reached XP level 1. HP: 11/11 MP: 3/3
   145 | D:1      | Reached XP level 2. HP: 5/17 MP: 0/5
   669 | D:1      | Reached XP level 3. HP: 21/21 MP: 6/6
  1218 | D:2      | Learned a level 3 spell: Summon Ice Beast
  1716 | D:3      | Reached XP level 4. HP: 27/27 MP: 6/8
  1719 | D:3      | Found a faded altar of an unknown god.
  1746 | D:3      | Found a glowing drain.
  1766 | Sewer    | Entered a sewer
  1835 | Sewer    | Reached skill level 1 in Summonings
  1864 | Sewer    | Noticed a brain worm
  1864 | Sewer    | Noticed Pargi
  1872 | Sewer    | Killed Pargi
  1873 | Sewer    | Reached XP level 5. HP: 26/31 MP: 1/9
  1878 | Sewer    | Reached skill level 5 in Ice Magic
  1878 | Sewer    | Reached XP level 6. HP: 13/36 MP: 1/11
  2349 | D:3      | Noticed Natasha
  2354 | D:3      | Learned a level 3 spell: Frozen Ramparts
  2362 | D:3      | Killed Natasha
  2659 | D:3      | Noticed Ijyb
  2673 | D:3      | Killed Ijyb
  2865 | D:4      | You fall into a shaft and drop 1 floor!
  2865 | D:5      | Entered Level 5 of the Dungeon
  2885 | D:5      | Found Tususirgh's General Store.
  2889 | D:5      | Found Iqirol's Specific Store.
  2998 | D:5      | Reached XP level 7. HP: 33/41 MP: 6/12
  3780 | D:5      | Gained mutation: You are weak. (Str -2) [potion of
                  | mutation]
  3780 | D:5      | Gained mutation: You are frail. (-10% HP) [potion of
                  | mutation]
  3780 | D:5      | Gained mutation: Your system is resistant to poisons.
                  | (rPois) [potion of mutation]
  3780 | D:5      | Gained mutation: You are partially covered in iridescent
                  | scales. (AC +2) [potion of mutation]
  3878 | D:5      | Found a staircase to the Ecumenical Temple.
  3896 | Temple   | Entered the Ecumenical Temple
  3902 | Temple   | Became a worshipper of Gozag Ym Sagoz the Greedy
  4249 | D:5      | Reached XP level 8. HP: 42/42 MP: 7/14
  4588 | D:5      | Reached skill level 1 in Fighting
  4588 | D:5      | Reached skill level 6 in Ice Magic
  4704 | D:6      | Reached skill level 5 in Dodging
  4939 | D:6      | Reached skill level 5 in Spellcasting
  4939 | D:6      | HP: 2/45 [burnt (4)]
  4940 | D:6      | Incinerated by a bombardier beetle

Illustrated notes

Levels and vault maps discovered:
D:1:      co_arrival_two_rings, layout_loops_corners
D:2:      layout_rooms, minmay_tromino_i4
D:3:      layout_basic, cheibrodos_sewer_entry_sluice,
          ebering_ecumenical_altar_sacrificial, uniq_natasha, uniq_ijyb
D:4:      layout_gridville
D:5:      layout_gridville, minmay_temple_entry_slanted, nicolae_specific_store,
          chequers_jeans
D:6:      layout_rooms, nicolae_overflow_hidden_temple,
          mainiacjoe_overflow_alcove_2, grunt_temple_overflow_open,
          corexii_checkpoint, hangedman_minor_gate_pass
Temple:   hellmonk_temple_two_chambers

Skill      XL: |  1  2  3  4  5  6  7  8 |
---------------+-------------------------+-----
Dodging        | 3 4 5 |  5.4
Summonings     | 1 2 3 4 |  4.5
Spellcasting   | 3 4 5 |  5.0
Ice Magic      | 5 6 |  6.0
Fighting       | 2 |  2.3
Stealth        | |  2.7

Action                     |  1- 3 |  4- 6 |  7- 9 || total
---------------------------+-------+-------+-------++-------
  Melee: Unarmed           |     1 |       |       ||     1
         Short sword       |    45 |    39 |    22 ||   106
         Constrict         |    17 |     9 |    10 ||    36
         Tentacles         |    11 |    10 |     8 ||    29
   Cast: Freeze            |    25 |    21 |    46 ||    92
         Summon Ice Beast  |     3 |     5 |    10 ||    18
         Frozen Ramparts   |       |     3 |     5 ||     8
    Use: Scroll            |       |     5 |       ||     5
         Potion            |       |       |     3 ||     3
   Stab: Sleeping          |     7 |     4 |     1 ||    12
         Distracted        |       |       |     1 ||     1
 Armour: Skin              |    30 |    31 |    26 ||    87
  Dodge: Dodged            |    37 |    34 |    38 ||   109

Table legend: (Time is in decaauts)
 A = Elapsed time spent in this place.
 B = Non-inter-level travel time spent in this place.
 C = Inter-level travel time spent in this place.
 D = Time resting spent in this place.
 E = Time spent auto-exploring this place.
 F = Levels seen in this place.
 G = Mean time per level.
                   A        B        C        D        E       F      G
               +--------+--------+--------+--------+--------+-----+--------+
         Total |   4937 |   4677 |    260 |      0 |   3878 |   8 |  617.1 |
       Dungeon |   4518 |   4283 |    235 |      0 |   3584 |   6 |  753.0 |
        Temple |     28 |      3 |     25 |      0 |      0 |   1 |   28.0 |
         Sewer |    389 |    389 |      0 |      0 |    294 |   1 |  389.0 |
               +--------+--------+--------+--------+--------+-----+--------+

Top non-repeatable levels by time:
     D:1: 1212 daAuts
     D:5: 1040 daAuts
     D:3: 803 daAuts
     D:4: 761 daAuts
     D:2: 456 daAuts
   Sewer: 389 daAuts
     D:6: 243 daAuts
  Temple: 28 daAuts
